AoeStats
← Jason

Hideout

509516167Analyzed
1v1 RM · 4d ago on Sep 27, 2026· 37m 40s· 2 players
Game mode
Random Map
Map size
Tiny (2 player)
Population
200
Speed
Normal
Resources
Standard
Victory
Conquest
Starting age
Dark Age
Ending age
Imperial Age
RankedLock teamsTeams togetherTeam positionsShared explorationLock speedFull tech treeHidden civsTurbo modeCheats
Victory
Defeat
🇺🇸 Britons · United States
727
+18
🇨🇷 Turks · Costa Rica
773
-18
Lenguadelbosque
11:38 Feudal Age
9:57 Loom
11:43 Feudal Age
12:45 Horse Collar
12:52 Double-Bit Axe
13:19 Town Watch
17:31 Gold Mining
20:52 Padded Archer Armor
21:33 Fletching
25:26 Castle Age
25:35 Wheelbarrow
25:32 Stone Mining
27:17 Fervor
27:34 Heavy Plow
27:47 Bow Saw
28:48 Bloodlines
28:38 Husbandry
28:48 Bloodlines
28:38 Husbandry
29:49 Husbandry
30:19 Redemption
30:30 Sanctity
31:28 Thumb Ring
32:01 Gold Shaft Mining
34:19 Bloodlines
35:17 Town Patrol
39:22 Imperial Age
37:13 Hand Cart
Jason
10:13 Feudal Age
10:58 Double-Bit Axe
16:58 Castle Age
16:09 Horse Collar
16:36 Fletching
17:55 Bow Saw
19:03 Gold Mining
21:34 Wheelbarrow
21:55 Ballistics
24:22 Gold Shaft Mining
23:56 Crossbowman
24:36 Bodkin Arrow
26:12 Hand Cart
26:05 Pikeman
27:18 Padded Archer Armor
32:55 Imperial Age
32:47 Leather Archer Armor
32:42 Forging
32:44 Masonry
34:53 Chemistry
33:30 Arbalester
35:17 Two-Man Saw
37:30 Yeomen
Connection lost

Rejoining the realm…

Still unreachable

The connection could not be restored.

Session expired

The server has moved on; the page needs a fresh start.